 Dungeon Crawl Stone Soup version 0.30-b1-2-g02819fbbbe (webtiles) character file.

Game seed: 9003654867916644863

800 sanka the Thaumaturge (level 7, -12/40 HPs)
             Began as a Deep Elf Transmuter on May 10, 2023.
             Was an Initiate of Vehumet.
             Mangled by a wight
             ... wielding a +0 battleaxe
              (18 damage)
             ... on level 6 of the Dungeon.
             The game lasted 00:10:41 (5434 turns).

sanka the Thaumaturge (Deep Elf Transmuter)         Turns: 5434, Time: 00:10:42

Health: -12/40     AC:  7    Str: 13    XL:     7   Next: 59%
Magic:  20/20      EV: 14    Int: 20    God:    Vehumet [......]
Gold:   158        SH:  0    Dex: 21    Spells: 12/22 levels left

rFire   + .          .
                       - Unarmed
rCold   . . .        (no shield)
rNeg    . . .        j - +3 leather armour of the Monk {Fly rF+ Stlth+}
rPois   .            (no helmet)
rElec   .            (no cloak)
rCorr   .            v - +0 pair of gloves
SInv    .            (no boots)
Will    .....        (no amulet)
Stlth   +++          f - +6 ring of dexterity
HPRegen 0.26/turn    h - +6 ring of strength
MPRegen 0.17/turn

%: no passive effects
@: weak-willed, flying
A: no striking features
a: Renounce Religion


You were on level 6 of the Dungeon.
You worshipped Vehumet.
Vehumet was noncommittal.
You visited 2 branches of the dungeon, and saw 7 of its levels.
You also visited: Sewer.

You collected 158 gold pieces.

Inventory:

Armour
 a - a +0 robe
 j - the +3 leather armour of the Monk (worn) {Fly rF+ Stlth+}
   (You found it on level 2 of the Dungeon)

   rF:        It protects you from fire.
   Fly:       It grants you flight.
   Stlth:     It makes you more stealthy.
 v - a +0 pair of gloves (worn)
Magical Staves
 p - a staff of earth
Jewellery
 f - a +6 ring of dexterity (left hand)
 h - a +6 ring of strength (right hand)
Wands
 m - a wand of iceblast (8)
 u - a wand of flame (11)
Scrolls
 k - 2 scrolls of magic mapping
 l - 2 scrolls of identify {@r1}
 t - a scroll of blinking {unknown}
 x - a scroll of noise {!r}
 y - a scroll of teleportation {unknown}
Potions
 b - 2 potions of lignification {!q}
 c - 2 potions of curing {unknown}
 d - 2 potions of heal wounds {unknown}
 e - a potion of resistance {unknown}
 g - 4 potions of berserk rage {unknown}
 i - a potion of might {unknown}
 n - 6 potions of flight
 r - a potion of ambrosia {unknown}
 s - a potion of attraction {unknown}
 w - a potion of mutation {!q}


   Skills:
 - Level 2.5 Fighting
 - Level 4.5 Dodging
 - Level 2.4 Unarmed Combat
 - Level 8.0 Spellcasting
 + Level 2.3 Conjurations
 - Level 3.0 Transmutations
 + Level 2.3 Fire Magic
 - Level 2.0 Poison Magic


You had 12 spell levels left.
You knew the following spells:

 Your Spells              Type           Power      Damage    Failure   Level
a - Beastly Appendage     Tmut           40%        N/A       3%          1
b - Spider Form           Tmut/Pois      18%        N/A       12%         3
c - Starburst             Conj/Fire      8%         6d4       99%         6

Your spell library contained the following spells:

 Spells                   Type           Power      Damage    Failure   Level
 Wereblood                Tmut           20%        N/A       4%          2
 Passwall                 Tmut/Erth      11%        N/A       9%          2
 Slow                     Hex            32%        N/A       11%         1
 Ensorcelled Hibernation  Hex/Ice        16%        N/A       16%         2
 Lesser Beckoning         Tloc           16%        N/A       16%         2
 Dazzling Flash           Conj/Hex       24%        N/A       21%         3
 Volatile Blastmotes      Fire/Tloc      24%        2d12      21%         3
 Confusing Touch          Hex            8%         N/A       32%         3
 Gell's Gravitas          Tloc           8%         N/A       32%         3
 Swiftness                Air            8%         N/A       32%         3
 Teleport Other           Tloc           8%         N/A       32%         3
 Vampiric Draining        Necr           8%         2d6       32%         3
 Ice Form                 Ice/Tmut       14%        N/A       50%         4
 Iskenderun's Mystic Bla  Conj/Tloc      12%        2d5       54%         4


Dungeon Overview and Level Annotations

Branches:
Dungeon (6/15)             Temple (1/1) D:6           Sewer (visited)

Altars:
Ashenzari
Cheibriados
Dithmenos
Elyvilon
Fedhas
Hepliaklqana
Makhleb
Nemelex Xobeh
Okawaru
Qazlal
Ru
Sif Muna
Trog
Uskayaw
Vehumet
Wu Jian
Xom
Zin
The Shining One

Annotations:
D:2 exclusion: 4 gnolls


Message History

You hit the phantom.
The phantom is heavily damaged.
The phantom completely misses you.
You hit the phantom.
The phantom is severely damaged.
You bite the phantom!
The phantom is almost destroyed.
The phantom hits you.
The phantom blinks!
You blink.
A wight and an iguana come into view.
Found 20 gold pieces.
You hit the phantom.
You destroy the phantom!
Vehumet accepts your kill.
Your Conjurations skill increases to level 2!
Your Fire Magic skill increases to level 2!
Found an escape hatch in the ceiling.
A wight comes into view. It is wielding a +0 war axe.
You barely miss the wight.
A wight comes into view. It is wielding a +0 flail.
The wight hits you with a +0 battleaxe!
A wight comes into view.
It is wielding a +0 halberd and carrying a wand of flame (23).
You are too injured to fight recklessly!
Unknown command.
Found 2 potions of lignification.
Your transformation has ended.
Your +0 pair of gloves unmelds from your body.
The +3 leather armour of the Monk {Fly rF+ Stlth+} unmelds from your body.
You fly up into the air.
Okay, then.
Okay, then.
Okay, then.
The wight attacks as you move away! The wight hits you with a +0 battleaxe!
* * * LOW HITPOINT WARNING * * *
The air fills with toxic fumes!
As you read the scroll labelled WEFUES DICIUGG, it crumbles to dust.
It was a scroll of poison.
The wight closely misses you.
As you read the scroll labelled DAREAR BEHOANAL, it crumbles to dust.
Magic quickly surges around you.
It was a scroll of vulnerability.
The wight hits you with a +0 battleaxe!!
You die...

.............$..!
z...§§§§§§§§§..§§#
..z.§l§§§§§§§..§§#§.....
....§§§§§§§§§.§§§§§....
....§§§§§§§§##§§§§§...#
....§§§§§§§§#§§§§#....#
....§§§§§§§§§§§###....##
....####§§z§§§§§#§§....#
....§§§§§§§@§§§§§§§..###
#.
.§§§§§#§§§§#§§§#....###
<
##§§####§§§§#.#§..##..#
##. #§§§§§§........## $.
#§§§§#§#..#.....## ..
.§§§§#§.§#........#
..§§§§§§§.§..†<....#
###§§§§§§§.......###
#......#......##


You could see an iguana (weak-willed) and a wight (weak-willed).

Vanquished Creatures
  A black bear (D:4)
  2 phantoms
  2 scorpions
  A sleepcap (D:4)
  4 iguanas
  An orc wizard (D:4)
  13 adders
  8 river rats (Sewer)
  A shadow imp (D:6)
  3 worms
  3 dart slugs
  3 orcs
  6 ball pythons
  14 bats
  4 endoplasms
  4 giant cockroaches
  3 goblins
  4 hobgoblins
  9 jackals
  4 frilled lizards
  3 kobolds (D:1)
  3 rats
96 creatures vanquished.

Notes
Turn   | Place    | Note
-------+----------+-------------------------------------------
     0 | D:1      | sanka the Deep Elf Transmuter began the quest for the Orb.
     0 | D:1      | Reached XP level 1. HP: 11/11 MP: 6/6
    73 | D:1      | Found a faded altar of an unknown god.
    93 | D:1      | Reached skill level 1 in Fighting
   236 | D:1      | Reached XP level 2. HP: 16/16 MP: 5/8
   507 | D:1      | Reached skill level 4 in Spellcasting
   681 | D:2      | Identified the +3 leather armour of the Monk {Fly rF+
                  | Stlth+}
   804 | D:2      | Reached XP level 3. HP: 5/20 MP: 9/11
  1328 | D:2      | Reached skill level 5 in Spellcasting
  2428 | D:3      | Reached XP level 4. HP: 21/25 MP: 13/13
  2712 | D:4      | Noticed a black bear
  2722 | D:4      | Killed a black bear
  2723 | D:4      | Reached skill level 7 in Spellcasting
  2723 | D:4      | Reached XP level 5. HP: 29/29 MP: 13/16
  2928 | D:4      | Found a bloodstained altar of Trog.
  3063 | D:4      | Found a hide-covered altar of Uskayaw.
  3179 | D:4      | Reached XP level 6. HP: 29/34 MP: 16/18
  3470 | D:4      | Reached skill level 8 in Spellcasting
  3725 | D:5      | Entered Level 5 of the Dungeon
  3745 | D:5      | Found a glowing drain.
  3771 | Sewer    | Entered a sewer
  4725 | Sewer    | Learned a level 3 spell: Spider Form
  4757 | D:5      | Identified a scroll of acquirement
  4758 | D:5      | Acquired a book of Spectacle
  4861 | D:4      | Reached XP level 7. HP: 21/40 MP: 18/20
  4985 | D:4      | Reached skill level 1 in Poison Magic
  5363 | D:5      | Learned a level 6 spell: Starburst
  5371 | D:6      | Found a staircase to the Ecumenical Temple.
  5383 | D:6      | Reached skill level 1 in Conjurations
  5383 | D:6      | Reached skill level 1 in Fire Magic
  5397 | Temple   | Entered the Ecumenical Temple
  5403 | Temple   | Became a worshipper of Vehumet
  5434 | D:6      | Mangled by a wight

Illustrated notes

Levels and vault maps discovered:
D:1:      dpeg_arrival_tiny_d, layout_rooms, basic_ecumenical_altar,
          grunt_decor_mini_mirrors, minmay_misc_feat_enclosed,
          minmay_misc_feat_rows
D:2:      layout_basic
D:3:      layout_basic
D:4:      layout_gridville, kennysheep_mini, trog_three_pillars_becter
D:5:      layout_rooms, cheibrodos_sewer_entry_sluice, wad_floor_pattern_2
D:6:      layout_cave_pools, minmay_temple_entry_crystal_x
Temple:   sentei_temple_godly_chess

Skill      XL: |  1  2  3  4  5  6  7 |
---------------+----------------------+-----
Fighting       | 1 2 |  2.5
Spellcasting   | 4 5 7 8 |  8.0
Dodging        | 3 4 |  4.5
Poison Magic   | 2 |  2.0
Transmutations | 3 |  3.0
Conjurations   | 2 |  2.3
Fire Magic     | 2 |  2.3
Unarmed Combat | |  2.4

Action                     |  1- 3 |  4- 6 |  7- 9 || total
---------------------------+-------+-------+-------++-------
  Melee: Unarmed           |   118 |   178 |    77 ||   373
         Kick              |    32 |    48 |    18 ||    98
         Headbutt          |    16 |    29 |    10 ||    55
         Punch             |     1 |     9 |       ||    10
   Cast: Beastly Appendage |    27 |    30 |     5 ||    62
         Spider Form       |       |       |     2 ||     2
  Evoke: Wand              |       |     6 |       ||     6
    Use: Scroll            |       |     3 |     2 ||     5
   Stab: Sleeping          |     3 |     7 |     1 ||    11
 Armour: Robe              |    21 |       |       ||    21
         Leather armour    |     8 |    63 |     8 ||    79
         Skin              |       |       |     2 ||     2
  Dodge: Dodged            |    65 |   161 |    44 ||   270
